Map: Dusk Towers

Players

LilDicky - Winner!

  • Race: Terran Terran
  • League: Diamond

bensoN

  • Race: Terran Terran
  • League: Diamond

VOD

http://www.twitch.tv/tumescentpie

Description

Time

  • Played on: Nov. 23, 2015, 12:19 p.m.
  • Length: 5:51
Show
View Real Time Build Order
Export as new Build Order

LilDicky Terran - Winner!

Build Orders: Reaper Expand, Banshee Rush 

Get SALT Encoding   

  12  0:01  SCV  
  13  0:13  SCV  
  14  0:17  Supply Depot  
  14  0:25  SCV  
  15  0:33  Refinery  
  15  0:39  SCV  
  16  0:45  Barracks  
  16  0:51  SCV  
  17  1:03  SCV  
  18  1:15  SCV  
  19  1:32  Orbital Command  
  19  1:33  Reaper  
  20  1:45  Command Center  
  20  1:55  Supply Depot  
  20  2:01  SCV  
  21  2:05  Reaper  
  22  2:10  Refinery  
  22  2:14  Factory  
  22  2:16  SCV  
  23  2:28  SCV  
  24  2:38  Marine  
  24  2:40  SCV  
  26  2:45  Supply Depot  
  26  2:52  SCV  
  26  2:56  Marine  
  27  2:59  Factory Tech Lab  
  27  3:00  Starport  
  27  3:04  SCV  
  28  3:14  Marine  
  28  3:16  SCV  
  28  3:18  Orbital Command  
  30  3:28  SCV  
  30  3:32  Marine  
  30  3:33  Widow Mine  
  34  3:40  SCV, Engineering Bay  
  35  3:45  Banshee  
  35  3:46  Cloaking Field  
  38  3:57  SCV  
  38  3:58  SCV  
  40  4:14  Marine  
  40  4:30  Missile Turret  
  40  4:34  Missile Turret  
  40  4:37  Missile Turret  
  40  4:38  SCV x2  
  42  4:40  Banshee  
  42  4:45  Widow Mine  
  45  4:47  Command Center  
  45  4:50  SCV  
  45  4:52  SCV  
  49  4:56  Marine  
  49  4:57  Refinery  
  50  5:02  SCV  
  50  5:04  SCV  
Show
View Real Time Build Order
Export as new Build Order

bensoN Terran 

Build Orders:  

Get SALT Encoding   

  12  0:00  SCV  
  13  0:13  SCV  
  14  0:20  Supply Depot  
  14  0:25  SCV  
  15  0:33  Refinery  
  15  0:42  SCV  
  16  0:45  Barracks  
  16  0:54  SCV  
  17  1:06  SCV  
  18  1:16  Refinery  
  18  1:18  SCV  
  19  1:32  Orbital Command  
  19  1:33  Marine  
  19  1:38  Factory  
  20  1:46  Supply Depot  
  20  1:51  Marine  
  21  1:58  SCV  
  22  2:09  Marine  
  22  2:10  SCV  
  24  2:24  Widow Mine  
  26  2:31  Command Center  
  26  2:35  Marine  
  27  2:41  SCV  
  28  2:44  Supply Depot  
  28  2:59  Starport  
  28  3:17  Marine  
  28  3:18  Widow Mine  
  31  3:23  SCV  
  30  3:35  Marine  
  30  3:36  Starport Reactor  
  30  3:38  Starport Tech Lab  
  31  3:43  SCV  
  31  3:45  Orbital Command  
  31  3:47  Widow Mine  
  34  3:53  Marine  
  35  3:58  Fusion Core  
  35  3:59  Banshee  
  38  4:24  Marine  
  38  4:28  SCV x2  
  38  4:31  Widow Mine  
  41  4:33  Refinery  
  43  4:40  SCV, Starport  
  43  4:42  SCV  
  45  4:46  Refinery  
  45  4:52  SCV  
  46  4:54  SCV  
  47  5:04  Supply Depot, SCV  
  47  5:05  Banshee  
Tags
 
Add a new tag
Caveats
  • Supply blocks, unpowered buildings, or Contaminate may cause inaccurate times.
  • Supply counts are checked every 10 seconds.